 Dungeon Crawl Stone Soup version 0.17-a0-1802-g9847487 (webtiles) character file.

366 Leibowitz the Ducker (level 6, -7/47 HPs)
             Began as a Merfolk Gladiator on Sept 11, 2015.
             Mangled by Leibowitz's ghost (11 damage)
             ... on level 4 of the Dungeon.
             The game lasted 00:11:26 (3804 turns).

Leibowitz the Ducker (Merfolk Gladiator)            Turns: 3804, Time: 00:11:26

Health: -7/47      AC:  8    Str: 15      XL:     6   Next: 68%
Magic:  6/6        EV: 15    Int:  8      God:
Gold:   102        SH:  0    Dex: 17 (18) Spells: 0 memorised, 5 levels left

rFire  + . .     SeeInvis .     a - +1 trident
rCold  + . .     Clarity  .     j - +1 leather armour of Orom {rF+ rC+ Dex+2} (curse)
rNeg   . . .     SustAt   .     (no shield)
rPois  .         Gourm    .     c - +0 helmet
rElec  .         Spirit   .     s - +0 cloak
rCorr  .         Warding  .     v - +0 pair of gloves
rMut   .         Stasis   .     (no boots)
MR     +....                    e - amulet of regeneration
Stlth  ++........               (no ring)
                                (no ring)

@: drained, somewhat resistant to hostile enchantments, unstealthy
A: change form in water, swift swim, icy blue scales 1, magic resistance 1
a: no special abilities


You were on level 4 of the Dungeon.
You were not hungry.

You visited 1 branch of the dungeon, and saw 4 of its levels.

You collected 102 gold pieces.

Inventory:

Hand weapons
 a - a +1 trident (weapon)
Missiles
 d - 2 throwing nets (quivered)
 u - 22 poisoned needles
Armour
 c - a +0 helmet (worn)
 j - the cursed +1 leather armour of Orom (worn) {rF+ rC+ Dex+2}
   (You found it on level 4 of the Dungeon)

   It affects your dexterity (+2).
   It protects you from fire.
   It protects you from cold.
   It has a curse placed upon it.
 s - a +0 cloak (worn)
 v - a +0 pair of gloves (worn)
Jewellery
 e - an amulet of regeneration (around neck)
Scrolls
 g - a scroll of fog
 h - a scroll of teleportation
 k - a scroll of identify
 l - a scroll of enchant weapon
 o - a scroll of remove curse
Potions
 f - a potion of agility
 m - a potion of resistance
Books
 r - a book of Burglary

   Spells                             Type                      Level
   a - Swiftness                      Charms/Air                   2
   b - Passwall                       Transmutation/Earth          3
   c - Passage of Golubria            Translocation                4
   d - Lee's Rapid Deconstruction     Earth                        5
   e - Darkness                       Hexes                        6
   f - Invisibility                   Hexes                        6
Comestibles
 b - 4 bread rations
 i - 2 meat rations
 n - 4 beef jerkies
 p - 5 chunks of flesh


   Skills:
 + Level 3.4(2.5) Fighting
 + Level 6.1(5.2) Polearms
 + Level 2.0(1.1) Throwing
 + Level 1.7(0.9) Armour
 + Level 6.7(5.7) Dodging
 + Level 2.2(1.3) Stealth


You had 5 spell levels left.
You didn't know any spells.

Dungeon Overview and Level Annotations

Branches:
Dungeon (4/15)
 Temple: D:4-7

Altars:
Kikubaaqudgha
Nemelex Xobeh
Ru
Zin

Annotations:
D:4 Leibowitz's ghost, average MfGl


Innate Abilities, Weirdness & Mutations

You revert to your normal form in water.
You are very nimble and swift while swimming.
You are partially covered in icy blue scales (AC +1).
You are resistant to hostile enchantments.


Message History

Leibowitz's ghost is moderately damaged.
Leibowitz's ghost hits you.
* * * LOW HITPOINT WARNING * * *
Leibowitz's ghost misses you.
You hit Leibowitz's ghost.
Leibowitz's ghost is moderately damaged.
Leibowitz's ghost completely misses you.
You hit Leibowitz's ghost.
Leibowitz's ghost is heavily damaged.
Leibowitz's ghost hits you but does no damage.
You barely miss Leibowitz's ghost.
Leibowitz's ghost is heavily damaged.
Leibowitz's ghost screams, "Zot is a myth, the ORB is a fable, you'll soon be a tale!"
Leibowitz's ghost hits you!
* * * LOW HITPOINT WARNING * * *
You miss Leibowitz's ghost.
Leibowitz's ghost is heavily damaged.
Leibowitz's ghost closely misses you. Leibowitz's ghost hits you!
You die...

....# #.....#### .. )..##
####...#####.# ...#
#........##### ...#
##............## ...#
##..............# ...#
###..............## ..##
##.................## .##
##...................# .#
##.........<@W.........
#####..............!.......
...........................
#..........................
###........................
#.........................
#.########################
##


You could see Leibowitz's ghost.

Vanquished Creatures
  Eustachio (D:4)
  2 orc priests (D:3)
  Robin (D:3)
  3 adders
  4 gnolls (D:3)
  6 worms
  3 giant geckos
  4 orcs
  A ball python (D:3)
  2 giant cockroaches
  17 goblins
  9 hobgoblins
  4 jackals (D:2)
  4 kobolds
  7 bats
  6 giant newts
  5 rats
79 creatures vanquished.

Notes
Turn   | Place    | Note
--------------------------------------------------------------
     0 | D:1      | Leibowitz the Merfolk Gladiator began the quest for the Orb.
     0 | D:1      | Reached XP level 1. HP: 16/16 MP: 1/1
   627 | D:1      | Reached XP level 2. HP: 15/22 MP: 2/2
  1408 | D:2      | Reached XP level 3. HP: 24/28 MP: 3/3
  1491 | D:2      | Reached skill level 5 in Polearms
  1540 | D:2      | Reached skill level 5 in Dodging
  1664 | D:2      | Reached XP level 4. HP: 30/34 MP: 4/4
  2145 | D:3      | Found a glowing silver altar of Zin.
  2207 | D:3      | Reached skill level 1 in Stealth
  2256 | D:3      | Found a sparkling altar of Nemelex Xobeh.
  2335 | D:3      | Gained mutation: You are partially covered in icy blue scales (AC +1). [potion of mutation]
  2335 | D:3      | Gained mutation: You are clumsy. (Dex -2) [potion of mutation]
  2335 | D:3      | Lost mutation: You are clumsy. (Dex -2) [potion of mutation]
  2346 | D:3      | Reached XP level 5. HP: 20/40 MP: 5/5
  2356 | D:3      | Reached skill level 1 in Armour
  2364 | D:3      | Gained mutation: You are resistant to hostile enchantments. [potion of beneficial mutation]
  2607 | D:3      | Found a sacrificial altar of Ru.
  3038 | D:3      | Found an ancient bone altar of Kikubaaqudgha.
  3125 | D:4      | Noticed Eustachio
  3125 | D:4      | Noticed Robin
  3142 | D:3      | Killed Robin
  3299 | D:4      | Noticed Leibowitz's ghost (average MfGl)
  3311 | D:3      | Reached skill level 6 in Polearms
  3313 | D:3      | Reached XP level 6. HP: 29/47 MP: 6/6
  3497 | D:4      | Got a jewelled leather armour
  3512 | D:4      | Identified the cursed +1 leather armour of Orom {rF+ rC+ Dex+2} (You found it on level 4 of the Dungeon)
  3689 | D:4      | Killed Eustachio
  3800 | D:4      | HP: 2/47 [Leibowitz's ghost (7)]
  3804 | D:4      | Mangled by Leibowitz's ghost

Vault maps used:
D:1:      dpeg_arrival_brainrot
D:2:      first_bread, serial_bayou_pond_e
D:3:      lemuel_coloured_pillars_altar, nicolae_overflow_hidden_temple,
          nicolae_overflow_crystal_walls, old_standard_altar
D:4:      uniq_eustachio, uniq_robin

Action                   |  1- 3 |  4- 6 || total
-------------------------+-------+-------++-------
Melee: Trident           |   102 |   234 ||   336
Throw: Throwing net      |       |     5 ||     5
  Use: Potion            |       |     5 ||     5
       Scroll            |       |     8 ||     8
 Stab: Distracted        |     1 |     1 ||     2
       Sleeping          |       |     2 ||     2
       Held in net/web   |       |     1 ||     1
  Eat: Chunk             |     2 |     8 ||    10
